 Dungeon Crawl Stone Soup version 0.18.0-2-g198d6d4 (webtiles) character file.

214 oplop the Chiller (level 5, -1/33 HPs)
             Began as an Octopode Ice Elementalist on May 5, 2016.
             Killed by nerve-wracking pain
             ... invoked by an orc priest
              (9 damage)
             ... on level 4 of the Dungeon.
             The game lasted 00:08:35 (3399 turns).

oplop the Chiller (Octopode Ice Elementalist)       Turns: 3399, Time: 00:08:36

Health: -1/33      AC:  1    Str:  7    XL:     5   Next: 92%
Magic:  10/10      EV: 17    Int: 18    God:
Gold:   301        SH:  0    Dex: 13    Spells: 2 memorised, 7 levels left

rFire  . . .     SeeInvis .     m - +0 dagger
rCold  . . .     Gourm    .     (no shield)
rNeg   . . .     Faith    .     (helmet restricted)
rPois  .         Spirit   .     (no amulet)
rElec  .         Dismiss  .     s - +4 ring of evasion
rCorr  .         Reflect  .     (no ring)
SustAt .         Harm     .     (no ring)
MR     .....                    (no ring)
Stlth  +++.......               (no ring)
                                (no ring)
                                (no ring)
                                (no ring)

@: not resistant to hostile enchantments, fairly stealthy
A: almost no armour, amphibious, 8 rings, constrict 8, camouflage 1, gelatinous
body 1
a: no special abilities


You were on level 4 of the Dungeon.
You were not hungry.

You visited 1 branch of the dungeon, and saw 5 of its levels.

You collected 301 gold pieces.

Inventory:

Hand Weapons
 m - a +0 dagger (weapon)
Missiles
 p - 7 needles of sleeping
Jewellery
 s - a +4 ring of evasion (left tentacle)
 A - an uncursed ring of wizardry {unknown}
Wands
 y - a wand of disintegration (12/24)
Scrolls
 d - 3 scrolls of noise {unknown}
 g - a scroll of random uselessness {unknown}
 h - a scroll of amnesia {unknown}
 j - 2 scrolls of remove curse {unknown}
 k - 9 scrolls of identify {unknown}
 l - a scroll of magic mapping {unknown}
 n - 2 scrolls of fog {unknown}
 o - a scroll of fear {unknown}
 r - a scroll of enchant armour {unknown}
Potions
 e - 2 potions of cancellation {unknown}
 f - a potion of haste {unknown}
 t - a potion of heal wounds {unknown}
 u - a potion of magic {unknown}
 v - 4 potions of curing {unknown}
 x - a potion of ambrosia {unknown}
 z - 2 potions of degeneration {unknown}
Books
 a - a book of Frost

   Spells                             Type                      Level
   a - Freeze                         Ice                          1
   b - Throw Frost                    Conjuration/Ice              2
   c - Ozocubu's Armour               Charms/Ice                   3
   d - Throw Icicle                   Conjuration/Ice              4
   e - Summon Ice Beast               Ice/Summoning                4
 q - a book of the Sky

   Spells                             Type                      Level
   a - Summon Lightning Spire         Summoning/Air                4
   b - Airstrike                      Air                          4
   c - Silence                        Hexes/Air                    5
   d - Deflect Missiles               Charms/Air                   6
   e - Conjure Ball Lightning         Conjuration/Air              6
   f - Tornado                        Air                          9
Comestibles
 b - 3 bread rations
 c - 4 meat rations
 i - 2 beef jerkies


   Skills:
 + Level 1.6 Fighting
 - Level 3.0 Dodging
 - Level 2.6 Stealth
 + Level 3.5 Spellcasting
   Level 1.0 Conjurations
 + Level 4.4 Ice Magic


You had 7 spell levels left.
You knew the following spells:

 Your Spells              Type           Power        Failure   Level  Hunger
a - Freeze                Ice            ###.         2%          1    None
b - Ozocubu's Armour      Chrm/Ice       ##......     21%         3    ###....


Dungeon Overview and Level Annotations

Branches:
Dungeon (5/15)
 Temple: D:4-7

Altars:
Elyvilon
Sif Muna
Trog

Annotations:
D:4 exclusion: door


Innate Abilities, Weirdness & Mutations

You cannot wear most types of armour.
You are amphibious.
You can wear up to eight rings at the same time.
You can use your tentacles to constrict eight enemies at once.
Your skin changes colour to match your surroundings (Stealth).
Your rubbery body absorbs attacks (AC +1).


Message History

Eat which item? (? for menu, Esc to quit)
That beef jerky was jerk-a-riffic!
There is an open door here.
An orc skeleton comes into view.
There is an open door here.
You close the door.
You open the door.
There is an open door here.
The orc priest calls down the wrath of Beogh upon you.
Pain shoots through your body!
There is an open door here.
You start resting.
The orc priest invokes the aid of Beogh against you.
Beogh smites you!
* * * LOW HITPOINT WARNING * * *
You hear a shout!
You closely miss the orc priest. Your grab misses the orc priest.
The orc priest mumbles some strange prayers to Beogh against you.
Pain shoots through your body!
You die...

#....# #Z Z# #..# #..... #....#
#'#+# ######.###...>. ######
+.o.+ #......#....##.
#...###...........##.
+...'.#...........#≈≈
#+#+#.#............≈#
#.#.........##..' ###
###o#......#..###≈# #.#
##.@...........<##≈≈
##.###........()<.#......
#########..#...#..........>......
....#.....##.#########...###.####
...........#.# ######..#.# #.## #
.............###......##.# #..# #
.............##..######[.# ##.# #
.............#..## #.## #.# #
.............#.## #.# #.##


You could see an orc priest.

Vanquished Creatures
  An orc priest (D:4)
  A human skeleton (D:4)
  2 worker ants
  5 adders
  An ooze (D:1)
  A worm (D:2)
  A dart slug (D:3)
  2 giant geckos
  3 orcs
  A giant cockroach (D:3)
  4 goblins
  A hobgoblin (D:2)
  7 jackals
  2 quokkas (D:3)
  A ball python (D:1)
  10 bats
  4 giant newts
  3 kobolds
  5 rats
55 creatures vanquished.

Notes
Turn   | Place    | Note
--------------------------------------------------------------
     0 | D:1      | oplop the Octopode Ice Elementalist began the quest for the Orb.
     0 | D:1      | Reached XP level 1. HP: 11/11 MP: 3/3
   230 | D:1      | Reached XP level 2. HP: 13/17 MP: 5/5
   752 | D:2      | Reached XP level 3. HP: 21/21 MP: 6/6
  1702 | D:3      | Found a white marble altar of Elyvilon.
  2169 | D:3      | Reached XP level 4. HP: 25/27 MP: 5/8
  2340 | D:4      | Learned a level 3 spell: Ozocubu's Armour
  2589 | D:4      | Found a bloodstained altar of Trog.
  2597 | D:4      | Reached skill level 4 in Ice Magic
  2655 | D:5      | Entered Level 5 of the Dungeon
  2672 | D:4      | Reached XP level 5. HP: 24/32 MP: 4/9
  2747 | D:4      | Found a deep blue altar of Sif Muna.
  2943 | D:3      | Reached skill level 1 in Fighting
  3399 | D:4      | Killed from afar by an orc priest

Skill      XL: |  1  2  3  4  5 |
---------------+----------------+-----
Dodging        | 3 |  3.0
Ice Magic      | 4 |  4.4
Spellcasting   | 3 |  3.5
Fighting       | 1 |  1.6
Stealth        | |  2.6
Conjurations   | |  1.0

Action                   |  1- 3 |  4- 6 || total
-------------------------+-------+-------++-------
Melee: Unarmed           |    43 |       ||    43
       Constrict         |    21 |    18 ||    39
       Tentacles         |    12 |    12 ||    24
       Dagger            |    43 |    56 ||    99
 Cast: Freeze            |    13 |    14 ||    27
       Ozocubu's Armour  |       |     2 ||     2
 Stab: Sleeping          |    15 |       ||    15
  Eat: Fruit             |     4 |       ||     4
       Chunk             |     1 |     3 ||     4
       Beef jerky        |       |     1 ||     1
Armor: Skin              |    17 |     5 ||    22
Dodge: Dodged            |    58 |    64 ||   122
